 Dungeon Crawl Stone Soup version 0.15.2 (webtiles) character file.

107 fredomojojo the Covered (level 4, 0/41 HPs)
             Began as a Minotaur Fighter on Dec 10, 2015.
             Was an Initiate of Nemelex Xobeh.
             Killed by divine providence
             ... invoked by an orc priest
              (13 damage)
             ... on Level 3 of the Dungeon.
             The game lasted 00:16:33 (1310 turns).

fredomojojo the Covered (Minotaur Fighter)          Turns: 1310, Time: 00:16:34

HP   0/41        AC  9     Str 21      XL: 4   Next: 56%
MP   2/2         EV  5     Int  5      God: Nemelex Xobeh [......]
Gold 87          SH  9     Dex 10      Spells:  0 memorised,  3 levels left

rFire  . . .     SeeInvis .     a - +0 long sword
rCold  . . .     Clarity  +     y - +0 chain mail
rNeg   . . .     rCorr    .     c - +0 shield
rPois  .         rRot     .     (helmet restricted)
rElec  .         Spirit   .     (no cloak)
SustAb .         Warding  .     (no gloves)
rMut   .         Stasis   .     (no boots)
Gourm  .                        p - amulet of clarity
MR     .....                    (no ring)
                                (no ring)

@: not resistant to hostile enchantments, extremely unstealthy
A: retaliatory headbutt, horns 2
a: Renounce Religion


You were on level 3 of the Dungeon.
You worshipped Nemelex Xobeh.
Nemelex Xobeh was noncommittal.
You were not hungry.

You visited 1 branch of the dungeon, and saw 3 of its levels.

You collected 87 gold pieces.

Inventory:

Hand weapons
 a - a +0 long sword (weapon)
 b - a -1 falchion
 v - a +1 vampiric dagger
Missiles
 f - 2 stones
 l - 8 tomahawks (quivered)
Armour
 c - a +0 shield (worn)
 y - a +0 chain mail (worn)
Comestibles
 d - a bread ration
 j - 3 chunks of orc flesh
 u - a chunk of bat flesh
Scrolls
 i - 2 scrolls of magic mapping {unknown}
 q - a scroll of recharging {unknown}
 r - a scroll of random uselessness {unknown}
Jewellery
 p - an amulet of clarity (around neck)
Potions
 e - a potion of might
 g - 2 potions of haste
 h - a potion of resistance {unknown}
 k - a potion of degeneration {unknown}
 m - a potion of invisibility {unknown}
 o - a potion of lignification {unknown}
 s - 2 potions of restore abilities
 t - a potion of confusion {unknown}
 x - a potion of poison {unknown}
Miscellaneous
 n - a plain deck of war {drawn: 1}
 w - a plain deck of war {drawn: 1}


   Skills:
 + Level 4.4 Fighting
 + Level 2.8 Long Blades
 + Level 0.4 Throwing
 + Level 4.8 Armour
 + Level 1.4 Dodging
 + Level 4.2 Shields


You had 3 spell levels left.
You didn't know any spells.

Dungeon Overview and Level Annotations

Branches:
Dungeon (3/15)

Altars:
Nemelex Xobeh


Innate Abilities, Weirdness & Mutations

You reflexively headbutt those who attack you in melee.
You have a pair of horns on your head.


Message History

An orc comes into view. It is wielding a glowing flail.
n - a plain deck of cards (in hand)
You draw a card...
It is Degeneration.
The orc evaporates and reforms as a giant cockroach!
Wield which item (- for none, * to show all)? (? for menu, Esc to quit)
a - a +0 long sword (weapon)
The orc shouts!
The orc hits you with a trident.
* * * LOW HITPOINT WARNING * * *
Found a lumpy red potion.
You closely miss the orc. You headbutt the orc.
You kill the orc!
You closely miss the giant cockroach. You block the giant cockroach's attack.
You closely miss the giant cockroach.
Your headbutt misses the giant cockroach.
The giant cockroach barely misses you.
The orc priest mumbles some strange prayers to Beogh against you.
Something smites you!
You die...
Your body disappears without a glow.

##### #####..<##
#.....[..#########
#.##....).........
#.##.......>......
#.###...#.#######
# #.#######.# ##
#..# #.# #) ##@#
#.# #.
#...)s.!...$.. ##.
#.###.######..
####.. #.# #..
....... #.#
....... #.#
###.##. o)# ## ...
# ... #


You could see an orc priest and a giant cockroach.

Vanquished Creatures
  An orc wizard (D:3)
  2 adders
  2 worms (D:2)
  4 giant geckos
  3 orcs (D:3)
  3 ball pythons
  3 giant cockroaches
  3 goblins
  3 hobgoblins
  6 bats
  A giant newt (D:1)
  5 kobolds
  6 rats
42 creatures vanquished.

Vanquished Creatures (others)
  A hobgoblin (D:1)
1 creature vanquished.

Grand Total: 43 creatures vanquished

Notes
Turn   | Place    | Note
--------------------------------------------------------------
     0 | D:1      | fredomojojo, the Minotaur Fighter, began the quest for the Orb.
     0 | D:1      | Reached XP level 1. HP: 19/19 MP: 1/1
   240 | D:1      | Reached XP level 2. HP: 20/27 MP: 1/1
   248 | D:1      | Reached skill level 4 in Armour
   785 | D:2      | Reached XP level 3. HP: 25/33 MP: 2/2
  1084 | D:2      | Found a sparkling altar of Nemelex Xobeh.
  1092 | D:2      | Became a worshipper of Nemelex Xobeh the Trickster
  1158 | D:2      | Received a gift from Nemelex Xobeh
  1274 | D:3      | Reached skill level 1 in Dodging
  1274 | D:3      | Reached XP level 4. HP: 12/41 MP: 2/2
  1310 | D:3      | Killed from afar by an orc priest

Action                   |  1- 3 |  4- 6 || total
-------------------------+-------+-------++-------
Melee: Long sword        |   132 |     5 ||   137
Throw: Tomahawk          |     8 |       ||     8
Evoke: Deck              |     1 |     1 ||     2
  Use: Scroll            |       |     4 ||     4
  Eat: Bread ration      |     1 |       ||     1
